 Dungeon Crawl Stone Soup version 0.31-a0-202-g547052bce9 (webtiles) character file.

Game seed: 67091635964113997

289 qw the Skirmisher (level 6, -1/36 HPs)
             Began as a Deep Elf Hunter on June 26, 2023.
             Slain by a gnoll
             ... wielding a +0 spear
              (4 damage)
             ... on level 4 of the Dungeon.
             The game lasted 00:01:03 (2226 turns).

qw the Skirmisher (Deep Elf Hunter)                 Turns: 2226, Time: 00:01:03

Health: -1/36      AC:  9    Str: 10    XL:     6   Next: 9%
Magic:  8/8        EV: 11    Int: 12    God:
Gold:   204        SH:  0    Dex: 18    Spells: 5/5 levels left

rFire   . . .        Y - +0 shortbow (freeze)
rCold   . . .        (shield currently unavailable)
rNeg    . . .        e - +0 ring mail
rPois   .            (helmet restricted)
rElec   .            (no cloak)
rCorr   .            k - +0 pair of gloves
SInv    .            f - +2 pair of boots
Will    .....        (no amulet)
Stlth   +            (no ring)
HPRegen 0.26/turn    (no ring)
MPRegen 0.11/turn

%: no passive effects
@: no status effects
A: horns 1, dopey 1
a: no special abilities


You were on level 4 of the Dungeon.
You visited 1 branch of the dungeon, and saw 4 of its levels.

You collected 204 gold pieces.


Innate Abilities, Weirdness & Mutations

You have a pair of small horns on your head.
You are dopey. (Int -2)


   Skills:
 - Level 2.5 Fighting
 - Level 9.0 Ranged Weapons
 + Level 0.8 Armour
 - Level 2.4 Dodging
 - Level 1.2 Stealth


You had 5 spell levels left.
You didn't know any spells.
Your spell library was empty.

Inventory:

Hand Weapons
 Y - a +0 shortbow of freezing (weapon)
Armour
 e - a +0 ring mail (worn)
 f - a +2 pair of boots (worn)
 k - a +0 pair of gloves (worn)
Scrolls
 a - 3 scrolls of identify
Potions
 b - 2 potions of curing
 i - a potion of mutation
 j - a potion of might

Dungeon Overview and Level Annotations

Branches:
Dungeon (4/15)
 Temple: D:4-7

Altars:
Elyvilon
Xom


Message History

You have reached level 6!
You shoot an arrow.
The arrow hits the orc wizard but does no damage.
The gnoll barely misses you. The gnoll hits you with a +0 whip.
The gnoll hits you from afar with a +0 spear. x2
The orc wizard barely misses you.
You shoot an arrow. The arrow barely misses the orc wizard.
The gnoll barely misses you. x2; The goblin barely misses you.
The gnoll barely misses you. The gnoll closely misses you.
The orc wizard hits you but does no damage.
You shoot an arrow. The arrow barely misses the orc wizard.
The gnoll hits you but does no damage. The gnoll hits you with a +0 whip.
The gnoll closely misses you. The goblin misses you.
The gnoll barely misses you.
The orc wizard points at you and mumbles some strange words.
You resist with some effort.
You shoot an arrow. The arrow misses the orc wizard.
The gnoll barely misses you. The goblin hits you but does no damage.
The gnoll hits you with a +0 whip. The gnoll hits you but does no damage.
The gnoll closely misses you.
The orc wizard points at you and mumbles some strange words.
The puff of flame misses you.
You shoot an arrow.
The arrow closely misses the orc wizard.
The gnoll hits you but does no damage. The goblin hits you with a +0 dagger.
The gnoll closely misses you. x2; The gnoll hits you but does no damage.
The orc wizard gestures at you while chanting.
You are confused.
2225 ||| DRINKING 3 potions of curing.
You feel better.
2225 ||| (to cure confusion)
The gnoll hits you with a +0 club. The goblin barely misses you.
The gnoll misses you.
The gnoll hits you from afar with a +0 spear.
The gnoll hits you but does no damage.
The orc wizard hits you but does no damage.
You shoot an arrow. The arrow hits the orc wizard.
The arrow freezes the orc wizard.
The orc wizard is moderately wounded.
The gnoll hits you from afar with a +0 spear.
You die...

#......#####
#..........#
...........#
........../#
...........#
.....ooo...#
.....gggo..#
.....g%@##
.....##g.## ...
##..# . ##.##
#..############
##..#.........#
##...........##
##..........#.
##...##### #.


You could see an orc wizard, 4 gnolls, 3 orcs and a goblin.

Vanquished Creatures
  A phantom (D:3)
  A scorpion (D:4)
  An orc priest (D:4)
  5 adders
  A dart slug (D:3)
  7 orcs (D:3)
  5 ball pythons
  8 endoplasms
  6 goblins
  6 hobgoblins
  5 quokkas
  8 bats
  6 frilled lizards
  9 kobolds
  9 rats
78 creatures vanquished.

Notes
Turn   | Place    | Note
-------+----------+-------------------------------------------
     0 | D:1      | qw the Deep Elf Hunter began the quest for the Orb.
     0 | D:1      | Reached XP level 1. HP: 12/12 MP: 3/3
     0 | D:1      | 0 ||| qw: Version: 0.3-a-22-g0ed2b0b
     0 | D:1      | 0 ||| qw: Game counter: 6230
     0 | D:1      | 0 ||| qw: Melee chars always use a shield: true
     0 | D:1      | 0 ||| qw: God list: Okawaru
     0 | D:1      | 0 ||| qw: Allow faded altars: false
     0 | D:1      | 0 ||| qw: Do Orc after clearing Dungeon:15 true
     0 | D:1      | 0 ||| qw: Do second Lair branch before Depths: true
     0 | D:1      | 0 ||| qw: Lair rune preference: random
     0 | D:1      | 0 ||| qw: Goals: Normal
     0 | D:1      | 0 ||| PLANNING D:1-11
    83 | D:1      | Reached XP level 2. HP: 13/16 MP: 4/4
    83 | D:1      | 83 ||| FLEEEEING.
    84 | D:1      | 84 ||| FLEEEEING.
    85 | D:1      | 85 ||| FLEEEEING.
    86 | D:1      | 86 ||| FLEEEEING.
    87 | D:1      | 87 ||| FLEEEEING.
    88 | D:1      | 88 ||| FLEEEEING.
    89 | D:1      | 89 ||| FLEEEEING.
    90 | D:1      | 90 ||| FLEEEEING.
    91 | D:1      | 91 ||| FLEEEEING.
    94 | D:1      | Reached skill level 6 in Ranged Weapons
   404 | D:1      | Reached XP level 3. HP: 20/20 MP: 5/5
   709 | D:1      | 709 ||| UPGRADING to +0 ring mail.
   719 | D:1      | 719 ||| DROPPING +0 leather armour.
   720 | D:1      | 720 ||| UPGRADING to +2 pair of boots.
   725 | D:1      | 725 ||| UPGRADING to +0 pair of gloves.
   730 | D:1      | 730 ||| DROPPING +6 ring of intelligence.
   731 | D:1      | 731 ||| READING 2 scrolls labelled JUYBUNU SUKOC.
   732 | D:1      | 732 ||| READING 2 scrolls labelled REIKHI LAEH.
   733 | D:1      | 733 ||| READING scroll labelled SACKICWAUXI.
   734 | D:1      | 734 ||| READING scroll labelled ITSANO PYOSMEU.
   735 | D:1      | 735 ||| READING scroll labelled XAUGGU SUFUQAUNKO.
   736 | D:1      | 736 ||| DROPPING scroll of butterflies.
   737 | D:1      | 737 ||| DROPPING scroll of fear.
  1020 | D:2      | 1020 ||| READING scroll labelled RIHUX SIECITINI.
  1021 | D:2      | 1021 ||| DRINKING 2 murky inky potions.
  1022 | D:2      | 1022 ||| READING 4 scrolls of identify.
  1022 | D:2      | 1022 ||| IDENTIFYING coppery potion
  1023 | D:2      | 1023 ||| READING 3 scrolls of identify.
  1023 | D:2      | 1023 ||| IDENTIFYING yellow potion
  1073 | D:2      | Reached skill level 7 in Ranged Weapons
  1359 | D:2      | 1359 ||| READING 3 scrolls of identify.
  1359 | D:2      | 1359 ||| IDENTIFYING brown potion
  1360 | D:2      | 1360 ||| DROPPING potion of brilliance.
  1361 | D:2      | 1361 ||| DROPPING potion of attraction.
  1442 | D:3      | Reached XP level 4. HP: 25/25 MP: 6/6
  1672 | D:3      | Found a white marble altar of Elyvilon.
  1707 | D:3      | Reached skill level 8 in Ranged Weapons
  1781 | D:3      | Noticed a phantom
  1796 | D:3      | Killed a phantom
  1797 | D:3      | Reached XP level 5. HP: 13/29 MP: 7/7
  1797 | D:3      | 1797 ||| FLEEEEING.
  1798 | D:3      | 1798 ||| FLEEEEING.
  1799 | D:3      | 1799 ||| FLEEEEING.
  1800 | D:3      | 1800 ||| STAIRDANCE
  1862 | D:2      | 1862 ||| READING scroll labelled GIK PUILEAGER.
  1863 | D:2      | 1863 ||| READING scroll labelled FOIXZA BEZURY.
  1866 | D:2      | 1866 ||| READING scroll labelled ARUEBB ZETAFI.
  1867 | D:2      | 1867 ||| DRINKING 2 fizzy emerald potions.
  1883 | D:2      | 1883 ||| DRINKING 2 golden potions.
  1883 | D:2      | Gained mutation: You are dopey. (Int -2) [potion of
                  | mutation]
  1883 | D:2      | Gained mutation: You have a pair of small horns on your
                  | head. [potion of mutation]
  1884 | D:2      | 1884 ||| DROPPING potion of lignification.
  2038 | D:4      | Reached skill level 9 in Ranged Weapons
  2105 | D:4      | Found a shimmering altar of Xom.
  2220 | D:4      | Reached XP level 6. HP: 18/36 MP: 8/8
  2223 | D:4      | HP: 7/36 [gnoll/+0 whip (3)]
  2225 | D:4      | 2225 ||| DRINKING 3 potions of curing.
  2225 | D:4      | 2225 ||| (to cure confusion)
  2225 | D:4      | HP: 2/36 [gnoll/+0 spear (3)]
  2226 | D:4      | Slain by a gnoll

Levels and vault maps discovered:
D:1:      elethiomel_arrival_maze, layout_basic, minmay_octomino_c4
D:2:      layout_basic, kennysheep_big_empty_room, kennysheep_small_spiral
D:3:      layout_basic, elyvilon_altar_3, nicolae_concentric_dashed_squares_mild
D:4:      layout_basic, mainiacjoe_overflow_six_doors_small

Skill      XL: |  1  2  3  4  5 |
---------------+----------------+-----
Ranged Weapons | 6 7 8 9 |  9.0
Fighting       | 2 |  2.5
Armour         | |  0.8
Dodging        | |  2.4
Stealth        | |  1.2

Action                     |  1- 3 |  4- 6 || total
---------------------------+-------+-------++-------
   Fire: Shortbow          |   105 |   116 ||   221
    Use: Scroll            |     9 |     3 ||    12
         Potion            |     1 |     3 ||     4
 Armour: Leather armour    |     7 |       ||     7
         Ring mail         |     4 |    49 ||    53
  Dodge: Dodged            |    24 |    72 ||    96

Table legend:
 A = Non-vault XP
 B = Vault XP
 C = Vault XP percentage of total XP
 D = Non-vault monster count
 E = Vault monster count
 F = Vault count percentage of total count
                 A         B        C        D         E       F
            +---------+---------+-------+---------+---------+-------
      Total |     400 |      14 |   3.4 |      70 |       8 |  10.3
            +---------+---------+-------+---------+---------+-------
        D:1 |      29 |      14 |  32.6 |      18 |       8 |  30.8
        D:2 |      49 |       0 |   0.0 |      17 |       0 |   0.0
        D:3 |     179 |       0 |   0.0 |      29 |       0 |   0.0
        D:4 |     143 |       0 |   0.0 |       6 |       0 |   0.0
            +---------+---------+-------+---------+---------+-------
